 Dungeon Crawl Stone Soup version 0.27.1-4-g1640c2035a (webtiles) character file.

Game seed: 9256150508292167743

58 hawla the Grave Robber (level 3, -3/20 HPs)
             Began as a Deep Elf Necromancer on Sept 6, 2021.
             Slain by a worm (7 damage)
             ... on level 2 of the Dungeon on Nov 16, 2021.
             The game lasted 00:05:56 (1810 turns).

hawla the Grave Robber (Deep Elf Necromancer)       Turns: 1810, Time: 00:05:56

Health: -3/20      AC:  2    Str:  5    XL:     3   Next: 75%
Magic:  8/10       EV: 13    Int: 20    God:
Gold:   46         SH:  0    Dex: 15    Spells: 9/10 levels left

rFire    . . .     SeeInvis .   b - +0 dagger
rCold    . . .     Faith    .   (no shield)
rNeg     . . .     Spirit   .   a - +0 robe
rPois    .         Reflect  .   (no helmet)
rElec    .         Harm     .   (no cloak)
rCorr    .         Rampage  .   (no gloves)
Will     .....                  (no boots)
Stlth    ++........             (no amulet)
HPRegen  0.06/turn              (no ring)
MPRegen  0.12/turn              (no ring)

@: weak-willed
A: no striking features
a: no special abilities


You were on level 2 of the Dungeon.
You visited 1 branch of the dungeon, and saw 2 of its levels.

You collected 46 gold pieces.

Inventory:

Hand Weapons
 b - a +0 dagger (weapon)
Missiles
 g - an atropa-tipped dart (quivered)
Armour
 a - a +0 robe (worn)
Scrolls
 f - a scroll of vulnerability
Potions
 e - 2 potions of haste {unknown}


   Skills:
 + Level 1.1 Fighting
 - Level 3.0 Dodging
 - Level 3.0 Stealth
 + Level 4.1 Spellcasting
 + Level 5.1 Necromancy


You had 9 spell levels left.
You knew the following spells:

 Your Spells              Type           Power      Damage    Failure   Level
a - Pain                  Necr           96%        1d8       1%          1

Your spell library contained the following spells:

 Spells                   Type           Power      Damage    Failure   Level
 Animate Skeleton         Necr           48%        N/A       1%          1
 Vampiric Draining        Necr           12%        2d7       4%          3
 Animate Dead             Necr           12%        N/A       16%         4
 Agony                    Necr           24%        N/A       41%         5


Dungeon Overview and Level Annotations

Branches:
Dungeon (2/15)

Altars:


Message History

The gnoll barely misses you.
The kobold hits you with a +0 short sword.
The adder moves out of view.
There is a stone staircase leading up here.
Blink to where?
Press: ? - help, Dir - move target A gnoll comes into view.
It is wielding a +0 spear.
As you read the scroll labelled BYEDENI IMAO, it crumbles to dust.
It was a scroll of blinking.
The adder hisses angrily.
The gnoll shouts!
The gnoll misses you. The adder misses you.
As you read the scroll labelled BULUXU EGHUW, it crumbles to dust.
You feel strangely unstable.
It was a scroll of teleportation.
The gnoll barely misses you. The adder closely misses you.
As you read the scroll labelled GAEPRO YNIT, it crumbles to dust.
Magic quickly surges around you.
It was a scroll of vulnerability.
The adder closely misses you. The gnoll hits you with a +0 spear!
The adder bites you.
* * * LOW HITPOINT WARNING * * *
Casting: Pain (safe; 1% risk of failure)
Confirm with . or Enter, or press ? or * to list all spells.
Aiming: Pain (safe; 1% risk of failure)
Press: ? - help, Shift-Dir - straight line, f - gnoll
Aim: a gnoll, wielding a +0 spear (weak-willed, chance to affect: 91%)
The gnoll barely resists.
Your surroundings suddenly seem different.
A worm and a hobgoblin come into view.
Found an escape hatch in the ceiling.
You are too injured to fight recklessly!
The helpless worm fails to defend itself.
You puncture the worm!
The worm is heavily wounded.
The worm barely misses you.
Casting: Pain (safe; 1% risk of failure)
Confirm with . or Enter, or press ? or * to list all spells.
Aiming: Pain (safe; 1% risk of failure)
Press: ? - help, Shift-Dir - straight line, f - worm
Aim: a worm (heavily wounded, chance to affect: 88%)
The worm writhes in agony.
The worm bites you!
You die...

#. #.####
####
##....##....
#.......<...
#...........
#...........
#....wg.....
#...@.......
#...........
#...........
#...........
#...........
#...........
#...........
############


You could see a worm and a hobgoblin (wandering).

Vanquished Creatures
  Natasha (D:2)
  5 ball pythons (D:1)
  5 bats (D:1)
  2 endoplasms
  A giant cockroach (D:1)
  5 goblins
  3 hobgoblins
  3 quokkas (D:1)
  2 frilled lizards
  2 kobolds (D:1)
  3 rats (D:1)
32 creatures vanquished.

Notes
Turn   | Place    | Note
-------+----------+-------------------------------------------
     0 | D:1      | hawla the Deep Elf Necromancer began the quest for the Orb.
     0 | D:1      | Reached XP level 1. HP: 10/10 MP: 6/6
     0 | D:1      | Upgraded the game from 0.27.1-1-g398f81649c to
                  | 0.27.1-2-g3b301248ec
   195 | D:1      | Reached XP level 2. HP: 5/15 MP: 2/8
   621 | D:1      | Upgraded the game from 0.27.1-2-g3b301248ec to
                  | 0.27.1-4-g1640c2035a
   648 | D:1      | Reached skill level 5 in Necromancy
  1350 | D:2      | Reached XP level 3. HP: 19/20 MP: 8/10
  1393 | D:2      | Noticed Natasha
  1399 | D:2      | Killed Natasha
  1400 | D:2      | Reached skill level 1 in Fighting
  1810 | D:2      | Slain by a worm

Illustrated notes

Levels and vault maps discovered:
D:1:      zelgadis_glass_arrival_small, layout_rooms,
          chequers_serial_rivers_micro_c
D:2:      layout_basic, roderic_roman_lattice, uniq_natasha

Skill      XL: |  1  2  3 |
---------------+----------+-----
Necromancy     | 5 |  5.1
Stealth        | 3 |  3.0
Dodging        | 3 |  3.0
Fighting       | 1 |  1.1
Spellcasting   | 4 |  4.1

Action                   || total
-------------------------++-------
Melee: Dagger            ||    21
Throw: Dart              ||     5
 Cast: Pain              ||    44
  Use: Scroll            ||     3
 Stab: Sleeping          ||     1
Armor: Robe              ||     8
Dodge: Dodged            ||    32
